 Dungeon Crawl Stone Soup version 0.20.0-10-g0535bb4 (console) character file.

137867 horko the Slicer (level 17, -15/171 HPs)
             Began as a Halfling Enchanter on June 6, 2017.
             Was the Champion of Okawaru.
             Demolished by an Ice Fiend (24 damage)
             ... in an ice cave.
             The game lasted 03:46:10 (24747 turns).

horko the Slicer (Halfling Enchanter)              Turns: 24747, Time: 03:46:11

Health: -15/171    AC: 18    Str: 19    XL:     17   Next: 84%
Magic:  24/29      EV: 22    Int: 25    God:    Okawaru [******]
Gold:   2570       SH:  3    Dex: 17    Spells: 7/32 levels left

rFire    + + .     SeeInvis .   b - +0 short sword {elec, Str+5}
rCold    + . .     Gourm    .   (shield restricted)
rNeg     . . .     Faith    .   H - +2 troll leather armour
rPois    .         Spirit   .   D - +0 hat "Udaetoar" {rF+ Int+7 Dex-3 Stlth+}
rElec    .         Reflect  +   m - +0 cloak of the Land of Plenty {rF+}
rCorr    .         Harm     .   o - +2 pair of gloves {Dex+3}
MR       +....                  w - +2 pair of boots {Fly}
Stlth    ..........             l - +3 amulet of reflection
Regen    0.8/turn               N - ring of protection from cold
MPRegen  0.3/turn               L - ring of wizardry

@: berserking, flying, very slightly contaminated, hasted, invisible, very quick
A: thin metallic scales 1, mutation resistance 1
a: Heroism, Finesse, Renounce Religion, Stop Flying


You were in an ice cave.
You worshipped Okawaru.
Okawaru was exalted by your worship.
You were not hungry.

You visited 5 branches of the dungeon, and saw 28 of its levels.
You visited the Abyss 1 time.
You also visited: Labyrinth and Ice Cave.

You collected 3053 gold pieces.
You spent 483 gold pieces at shops.

Inventory:

Hand Weapons
 a - the +3 quick blade of Bekatyto {freeze, Dex+7}
   (You found it on level 1 of the Spider Nest)

   It has been specially enchanted to freeze those struck by it, causing extra
   injury to most foes and up to half again as much damage against particularly
   susceptible opponents.
   It can also slow down cold-blooded creatures.
   It affects your dexterity (+7).
 b - the +0 short sword of Vouraler (weapon) {elec, Str+5}
   (Okawaru gifted it to you on level 11 of the Dungeon)

   Occasionally, upon striking a foe, it will discharge some electrical energy
   and cause terrible harm.
   It affects your strength (+5).
 c - a +0 blowgun
 f - a +3 short sword of venom
 z - a +2 fustibalus of flaming
Missiles
 i - 5 needles of sleeping
 q - 118 sling bullets
 r - 7 curare-tipped needles
Armour
 m - the +0 cloak of the Land of Plenty (worn) {rF+}
   (Okawaru gifted it to you on level 4 of the Lair of Beasts)

   It protects you from fire.
 o - a +2 pair of gloves of dexterity (worn)
 w - a +2 pair of boots of flying (worn)
 D - the +0 hat "Udaetoar" (worn) {rF+ Int+7 Dex-3 Stlth+}
   (Okawaru gifted it to you on level 6 of the Lair of Beasts)

   It affects your intelligence (+7).
   It affects your dexterity (-3).
   It protects you from fire.
   It makes you more stealthy.
 H - a +2 troll leather armour (worn)
Jewellery
 e - an uncursed ring of poison resistance
 l - a +3 amulet of reflection (around neck)
 E - an uncursed ring of see invisible
 K - an uncursed ring of positive energy
 L - a ring of wizardry (right hand)
 N - a ring of protection from cold (left hand)
 W - an uncursed ring of stealth
Wands
 g - a wand of paralysis (9/24)
 h - a wand of lightning (5/15)
 y - a wand of iceblast (9/15)
 C - a wand of iceblast (6/15)
 J - a wand of digging (12/24)
 R - a wand of iceblast (8/15)
 S - a wand of flame (19/48)
 V - a wand of clouds (5/9)
 X - a wand of scattershot (1/9)
Scrolls
 n - 8 scrolls of remove curse
 t - 7 scrolls of magic mapping
 u - a scroll of enchant armour
 A - a scroll of fog
 F - 7 scrolls of teleportation
 P - a scroll of amnesia
 Q - 5 scrolls of identify
Potions
 j - 6 potions of heal wounds
 s - a potion of cancellation
 v - 2 potions of mutation
 x - 3 potions of haste
 B - a potion of agility
 G - 3 potions of might
 I - a potion of invisibility
 M - 7 potions of curing
 T - 6 potions of brilliance
Books
 Z - a book of Unlife

   Spells                             Type                      Level
   a - Recall                         Summoning/Translocation      3
   b - Animate Dead                   Necromancy                   4
   c - Control Undead                 Necromancy                   4
   d - Cigotuvi's Embrace             Necromancy                   5
   e - Death Channel                  Necromancy                   6
   f - Simulacrum                     Ice/Necromancy               6
Miscellaneous
 O - a fan of gales
 Y - a phial of floods
Comestibles
 k - 5 meat rations
 p - 3 bread rations
 U - 14 royal jellies


   Skills:
 + Level 9.7 Fighting
 - Level 12.0 Short Blades
 + Level 10.0 Throwing
 - Level 10.0 Armour
 - Level 10.0 Dodging
 - Level 11.0 Stealth
 + Level 8.1 Spellcasting
 - Level 5.0 Conjurations
 + Level 10.3 Hexes
 - Level 5.0 Necromancy
 - Level 5.0 Translocations
 - Level 5.0 Fire Magic
 + Level 8.4 Evocations


You had 7 spell levels left.
You knew the following spells:

 Your Spells              Type           Power        Failure   Level  Hunger
a - Ensorcelled Hibernat  Hex/Ice        #####.       1%          2    None
b - Confuse               Hex            ######..     1%          3    None
c - Conjure Flame         Conj/Fire      #####...     1%          3    None
d - Sticky Flame          Conj/Fire      #####...     3%          4    ##.....
f - Inner Flame           Hex/Fire       #####...     1%          3    None
z - Sublimation of Blood  Necr           #####.....   1%          2    None
A - Apportation           Tloc           #####.       1%          1    None
I - Invisibility          Hex            ######..     6%          6    ######.
S - Summon Butterflies    Summ           ##......     2%          1    None


Dungeon Overview and Level Annotations

Branches:
Dungeon (15/15)            Temple (1/1) D:4            Lair (6/6) D:10
  Swamp (0/4) Lair:2       Spider (4/4) Lair:2        Slime (0/5) Lair:5
    Orc (2/2) D:11            Elf (0/3) Orc:2        Vaults (0/5) D:13
 Depths (0/5) D:15

Altars:
Ashenzari
Cheibriados
Dithmenos
Elyvilon
Fedhas
Gozag
Hepliaklqana
Kikubaaqudgha
Makhleb
Nemelex Xobeh
Okawaru
Qazlal
Ru
Sif Muna
Trog
Uskayaw
Vehumet
Xom
Yredelemnul
Zin
The Shining One
Jiyva

Shops:
D:6 *   D:10 !   Orc:2 :**}

Annotations:
Lair:1 exclusion: 2 oklob plants IceCv exclusion: ice statue


Innate Abilities, Weirdness & Mutations

You are small and have problems with some larger weapons.
You are somewhat resistant to further mutation.
You are partially covered in thin metallic scales. (AC +2)


Message History

* * * LOW HITPOINT WARNING * * *
The Ice Fiend gestures at you. The bolt of cold hits you! You resist.
* * * LOW HITPOINT WARNING * * *
You hit the Ice Fiend.
The Ice Fiend is almost dead.
You resist.
* * * LOW HITPOINT WARNING * * *
You hit the Ice Fiend but do no damage.
The Ice Fiend is almost dead.
You resist.
* * * LOW HITPOINT WARNING * * *
You hit the Ice Fiend.
The Ice Fiend is almost dead.
You resist.
* * * LOW HITPOINT WARNING * * *
The Ice Fiend claws you.
* * * LOW HITPOINT WARNING * * *
The Ice Fiend freezes you!! You resist.
You die...

##≈###≈≈≈###≈≈≈
#≈≈#≈≈≈≈≈##≈≈
##≈≈≈≈≈≈≈≈≈≈
##≈≈≈≈≈≈≈≈≈
#.#≈≈≈≈≈≈≈
##.##≈≈≈≈≈#
#.##≈≈≈≈≈≈###
#.## ≈#≈1##.##
#..# ##@#....#
#..###.≈#.##1.#
#...#/###.# ..#
#...#..##.# ...
##...###.## 1..
##..###.# .Z
##.##.## Z
#..##.#
##.##.##


You could see an Ice Fiend.

Vanquished Creatures
  Frances (D:12)
  Roxanne (D:15)
  An orc warlord (Orc:2)
  4 entropy weavers
  Nessos (D:13)
  A minotaur (Lab)
  A vault guard (D:13)
  Fannar (D:12)
  10 hydras
  2 catoblepae
  3 centaur warriors
  4 two-headed ogres
  5 dancing weapons (D:14)
  A deep troll shaman (Lair:6)
  A queen ant (Spider:3)
  8 death yaks (Lair:6)
  The ghost of YrmMerkstave the Cruncher, a novice MiGl of the Shining One (Lair:1)
  3 tengu warriors
  3 orc high priests (Orc:2)
  6 skeletal warriors
  2 unseen horrors (D:13)
  A phantasmal warrior (D:15)
  Pikel (D:10)
  16 wolf spiders
  4 orc knights (Orc:2)
  3 orc sorcerers (Orc:2)
  10 orb spiders
  3 deep elf magi
  A necromancer (D:15)
  5 cyclopes
  An ugly thing (D:11)
  3 manticores
  A faun (shapeshifter) (D:14)
  17 elephants
  A black mamba (Lair:4)
  Psyche (D:8)
  6 centaur skeletons
  2 gargoyles (D:12)
  2 torpor snails
  3 rime drakes
  12 spiny frogs
  6 demonic crawlers
  8 komodo dragons
  An efreet (D:15)
  2 tengu conjurers (D:13)
  4 anaconda simulacra (IceCv)
  A guardian mummy (D:15)
  3 ice devils (IceCv)
  24 jumping spiders
  A golden dragon simulacrum (IceCv)
  A meliai (shapeshifter) (D:15)
  A freezing wraith (IceCv)
  9 trolls
  4 polar bears
  An ice dragon zombie (D:15)
  6 hornets
  11 blink frogs
  6 slime creatures (D:12)
  18 hippogriffs
  A raiju (Abyss:3)
  An ettin zombie (D:15)
  4 dream sheep
  Sigmund (D:5)
  51 redbacks
  2 dire elephant simulacra (IceCv)
  17 tarantellas
  31 yaks
  A shadow (D:15)
  6 wyverns (Lair:6)
  9 basilisks
  3 wraiths
  Grum (D:11)
  2 hungry ghosts
  A steam dragon (D:12)
  2 tengu zombies (D:15)
  3 harpy simulacra (IceCv)
  An iron troll simulacrum (IceCv)
  2 wargs
  A soldier ant (shapeshifter) (D:15)
  6 swamp worms (Lair:2)
  A hydra simulacrum (IceCv)
  2 hell hounds (Lair:5)
  2 acid dragons
  19 soldier ants
  11 water moccasins
  5 porcupines
  17 orc warriors
  2 necrophages (D:14)
  3 ice beasts
  5 sky beasts
  A black bear (Lair:6)
  3 phantoms
  An ettin simulacrum (IceCv)
  9 ogres
  27 wolves
  10 centaurs
  12 crocodiles
  An elf zombie (D:14)
  15 bullfrogs
  A wyvern zombie (D:12)
  A water moccasin zombie (D:7)
  A wyvern skeleton (D:12)
  8 scorpions
  11 wights
  A swamp dragon simulacrum (IceCv)
  6 electric eels
  4 howler monkeys
  A spectral bullfrog (D:12)
  8 centaur zombies
  2 draconian simulacra (IceCv)
  4 crimson imps
  2 bullfrog zombies
  A quasit (D:5)
  4 hounds
  3 human zombies (D:14)
  6 jellies
  19 orc priests
  5 bullfrog skeletons
  8 hell rats
  7 iguanas
  19 orc wizards
  2 spriggan simulacra (IceCv)
  27 worker ants
  4 troll simulacra (IceCv)
  3 wolf simulacra (IceCv)
  7 centaur simulacra (IceCv)
  2 hound skeletons
  A mummy (D:14)
  A worker ant zombie (D:7)
  7 gnolls
  A howler monkey skeleton (D:7)
  12 adders
  3 naga simulacra (IceCv)
  9 river rats (Lair:4)
  8 shadow imps
  4 white imps (IceCv)
  5 ufetubi (IceCv)
  6 oozes
  An adder zombie (D:4)
  An adder skeleton (D:5)
  2 worms
  A dart slug (D:2)
  3 leopard geckos
  88 orcs
  A ball python (D:2)
  4 giant cockroaches
  A goblin (D:3)
  3 hobgoblins
  2 quokkas
  A ball python skeleton (D:4)
  8 bats
  A frilled lizard (D:2)
  3 kobolds
  A leopard gecko zombie (D:5)
  2 orc zombies (D:14)
  A quokka zombie (D:6)
  7 rats
  2 plants
909 creatures vanquished.

Vanquished Creatures (others)
  2 slaves (D:9)
  A big kobold (D:9)
  An orc wizard (Orc:2)
  2 white imps (IceCv)
  An ufetubus (IceCv)
  An orc (Orc:2)
  A bush (Lair:6)
  20 fungi
  14 plants
43 creatures vanquished.

Grand Total: 952 creatures vanquished

Notes
Turn   | Place    | Note
-------+----------+-------------------------------------------
     0 | D:1      | horko the Halfling Enchanter began the quest for the Orb.
     0 | D:1      | Reached XP level 1. HP: 11/11 MP: 3/3
   181 | D:1      | Reached skill level 2 in Short Blades
   181 | D:1      | Reached XP level 2. HP: 17/17 MP: 2/4
   379 | D:1      | Learned a level 2 spell: Ensorcelled Hibernation
   654 | D:2      | Found an iron altar of Okawaru.
   673 | D:2      | Became a worshipper of Warmaster Okawaru
   679 | D:2      | Reached XP level 3. HP: 18/21 MP: 2/5
  1229 | D:3      | Found a stormy altar of Qazlal.
  1314 | D:3      | Found a burning altar of Makhleb.
  1433 | D:3      | Found a shattered altar of Ashenzari.
  1728 | D:2      | Reached skill level 3 in Short Blades
  1728 | D:2      | Reached XP level 4. HP: 27/27 MP: 3/6
  1897 | D:3      | Reached XP level 5. HP: 19/31 MP: 2/7
  2033 | D:4      | Found a staircase to the Ecumenical Temple.
  2048 | Temple   | Entered the Ecumenical Temple
  2332 | D:4      | Found a shimmering altar of Xom.
  2334 | D:4      | Found a glowing silver altar of Zin.
  2335 | D:4      | Found a deep blue altar of Sif Muna.
  2470 | D:4      | Learned a level 3 spell: Confuse
  2490 | D:5      | Entered Level 5 of the Dungeon
  2690 | D:5      | Reached XP level 6. HP: 36/36 MP: 2/8
  2740 | D:5      | You fall through a shaft for 2 floors!
  2749 | D:6      | Reached * piety under Okawaru
  2749 | D:6      | Reached skill level 4 in Short Blades
  2955 | D:5      | Found a snail-covered altar of Cheibriados.
  3019 | D:5      | Reached skill level 5 in Stealth
  3019 | D:5      | Reached XP level 7. HP: 41/41 MP: 9/9
  3170 | D:5      | Noticed Sigmund
  3187 | D:5      | Killed Sigmund
  3273 | D:5      | Reached skill level 5 in Short Blades
  3273 | D:5      | Reached skill level 5 in Hexes
  3521 | D:6      | Found Befuuquf's Assorted Antiques.
  3531 | D:6      | Bought a scroll labeled OTTUAQAICE for 29 gold pieces
  3531 | D:6      | Bought a bubbling blue potion for 26 gold pieces
  3531 | D:6      | Bought a wooden wand for 116 gold pieces
  3531 | D:6      | Bought a white potion for 26 gold pieces
  3670 | D:6      | Reached XP level 8. HP: 21/46 MP: 1/10
  3694 | D:6      | Reached ** piety under Okawaru
  4286 | D:7      | Reached skill level 6 in Short Blades
  4653 | D:7      | Learned a level 3 spell: Conjure Flame
  4956 | D:8      | Reached XP level 9. HP: 51/51 MP: 11/11
  4999 | D:8      | Reached *** piety under Okawaru
  5058 | D:8      | Reached skill level 1 in Fire Magic
  5231 | D:8      | Noticed Psyche
  5292 | D:8      | Killed Psyche
  5292 | D:8      | Reached skill level 7 in Short Blades
  5428 | D:9      | Reached **** piety under Okawaru
  5505 | D:9      | Noticed a two-headed ogre
  5510 | D:9      | Killed a two-headed ogre
  5510 | D:9      | Reached skill level 8 in Short Blades
  5510 | D:9      | Reached XP level 10. HP: 56/56 MP: 3/12
  5567 | D:10     | Entered Level 10 of the Dungeon
  5650 | D:10     | Found Raubb's Distillery.
  5653 | D:10     | Bought a potion of heal wounds for 65 gold pieces
  5653 | D:10     | Bought a potion of agility for 52 gold pieces
  5941 | D:10     | Reached ***** piety under Okawaru
  6123 | D:10     | Noticed a tengu warrior
  6154 | D:9      | Noticed Pikel
  6160 | D:10     | Killed Pikel
  6165 | D:9      | Noticed Grum
  6363 | D:9      | You fall through a shaft for 3 floors!
  6365 | D:12     | Noticed a gargoyle
  6374 | D:12     | Killed a gargoyle
  6381 | D:12     | Noticed a cyclops
  6390 | D:12     | Killed a cyclops
  6419 | D:11     | Found a labyrinth entrance.
  6462 | Lab      | Entered a labyrinth
  6470 | Lab      | Learned a level 4 spell: Sticky Flame
  6628 | Lab      | Noticed Fingolfin's ghost (journeyman MiBe)
  7221 | Lab      | Reached XP level 11. HP: 61/61 MP: 11/14
  7273 | Lab      | Noticed a minotaur
  7298 | Lab      | Killed a minotaur
  7298 | Lab      | Reached skill level 9 in Short Blades
  7298 | Lab      | Reached skill level 1 in Armour
  7298 | Lab      | Reached skill level 5 in Fire Magic
  7335 | Lab      | Identified the Compendium of Unholy Transformation
  7389 | D:10     | Found a staircase to the Lair.
  7506 | D:10     | Reached skill level 1 in Conjurations
  7610 | D:10     | Noticed a red ugly thing
  7762 | D:10     | Killed a tengu warrior
  8122 | D:9      | Reached ****** piety under Okawaru
  8411 | D:10     | Bought a potion of invisibility for 104 gold pieces
  8411 | D:10     | Bought a potion of heal wounds for 65 gold pieces
  8520 | D:11     | Noticed a green ugly thing
  8526 | D:11     | Killed a green ugly thing
  8526 | D:11     | Reached skill level 10 in Stealth
  8593 | D:11     | Killed Grum
  8832 | D:11     | Noticed a cyclops
  8841 | D:11     | Killed a cyclops
  8841 | D:11     | Received a gift from Okawaru
  8863 | D:11     | Reached skill level 10 in Short Blades
  8877 | D:11     | Received a gift from Okawaru
  8889 | D:11     | Got a translucent short sword {god gift}
  8890 | D:11     | Identified the +0 short sword of Vouraler {elec, Str+5} (Okawaru gifted it to you on level 11 of the Dungeon)
  8933 | D:11     | Reached XP level 12. HP: 66/66 MP: 11/18
  9227 | D:11     | Found a staircase to the Orcish Mines.
  9338 | D:11     | Reached skill level 5 in Spellcasting
  9403 | D:11     | Learned a level 6 spell: Invisibility
  9405 | D:11     | Learned a level 1 spell: Apportation
  9407 | D:11     | Learned a level 1 spell: Summon Butterflies
  9472 | Lair:1   | Entered Level 1 of the Lair of Beasts
  9775 | Lair:1   | Noticed YrmMerkstave's ghost (novice MiGl)
  9870 | Lair:1   | Reached skill level 10 in Hexes
 10065 | Lair:1   | Killed YrmMerkstave's ghost
 10065 | Lair:1   | Reached skill level 11 in Short Blades
 10271 | Lair:2   | Noticed a six-headed hydra
 10359 | Lair:2   | Killed a six-headed hydra
 10359 | Lair:2   | Received a gift from Okawaru
 10359 | Lair:2   | Reached skill level 1 in Throwing
 10730 | Lair:2   | Found a staircase to the Swamp.
 10749 | Lair:2   | Reached skill level 1 in Translocations
 10957 | Lair:3   | Reached XP level 13. HP: 71/71 MP: 7/20
 10971 | Lair:3   | Noticed a four-headed hydra
 11025 | Lair:3   | Learned a level 2 spell: Sublimation of Blood
 11051 | Lair:3   | Reached skill level 5 in Conjurations
 11333 | Lair:3   | Reached skill level 1 in Evocations
 11367 | Lair:3   | Reached skill level 1 in Necromancy
 11492 | Lair:4   | Noticed a four-headed hydra
 11542 | Lair:3   | Killed a four-headed hydra
 11632 | Lair:4   | Reached skill level 5 in Dodging
 11840 | Lair:4   | Noticed a six-headed hydra
 11859 | Lair:4   | Killed a six-headed hydra
 12027 | Lair:4   | Reached skill level 12 in Short Blades
 12034 | Lair:4   | Noticed a four-headed hydra
 12074 | Lair:4   | Noticed a catoblepas
 12081 | Lair:4   | Killed a catoblepas
 12081 | Lair:4   | Received a gift from Okawaru
 12090 | Lair:4   | Got a crude cloak {god gift}
 12096 | Lair:4   | Identified the +0 cloak of the Land of Plenty {rF+} (Okawaru gifted it to you on level 4 of the Lair of Beasts)
 12146 | Lair:4   | Killed a four-headed hydra
 12146 | Lair:4   | Reached skill level 5 in Throwing
 12372 | Lair:5   | Found a viscous altar of Jiyva.
 12372 | Lair:5   | Found a staircase to the Slime Pits.
 12609 | Lair:5   | Reached skill level 5 in Armour
 12632 | Lair:6   | Entered Level 6 of the Lair of Beasts
 12822 | Lair:6   | Noticed a six-headed hydra
 12824 | Lair:6   | Noticed an eight-headed hydra
 12968 | Lair:5   | Killed an eight-headed hydra
 13023 | Lair:5   | Reached XP level 14. HP: 76/76 MP: 2/21
 13062 | Lair:5   | Reached skill level 5 in Translocations
 13297 | Lair:6   | Reached skill level 5 in Evocations
 13338 | Lair:6   | Received a gift from Okawaru
 13341 | Lair:6   | Got a transparent short sword {god gift}
 13345 | Lair:6   | Identified the +4 short sword of Valuable Assets {vamp, rC- Str+5 SInv} (Okawaru gifted it to you on level 6 of the Lair of Beasts)
 14036 | Lair:6   | Received a gift from Okawaru
 14062 | Lair:6   | Got a heavily runed hat {god gift}
 14068 | Lair:6   | Identified the +0 hat "Udaetoar" {rF+ Int+7 Dex-3 Stlth+} (Okawaru gifted it to you on level 6 of the Lair of Beasts)
 14406 | Lair:6   | Reached skill level 1 in Fighting
 14413 | Lair:6   | Reached skill level 5 in Necromancy
 14483 | Lair:6   | Reached XP level 15. HP: 85/85 MP: 15/22
 14775 | Lair:2   | Found a hole to the Spider Nest.
 14875 | Orc:1    | Entered Level 1 of the Orcish Mines
 15073 | Orc:2    | Entered Level 2 of the Orcish Mines
 15080 | Orc:2    | Noticed an orc warlord
 15118 | Orc:2    | Killed an orc warlord
 15276 | Orc:2    | Found a staircase to the Elven Halls.
 15402 | Orc:2    | Received a gift from Okawaru
 16486 | Orc:2    | Reached skill level 10 in Throwing
 16533 | Orc:2    | Found Arogitz's Book Boutique.
 16533 | Orc:2    | Found Cucva's Gadget Emporium.
 16535 | Orc:2    | Found Keatto's General Store.
 16535 | Orc:2    | Found Ostruq's General Store.
 16823 | D:12     | Noticed Fannar
 16860 | D:12     | Killed Fannar
 17158 | D:12     | Reached skill level 5 in Fighting
 17183 | D:12     | Received a gift from Okawaru
 17403 | D:12     | Noticed Frances
 17442 | D:12     | Received a gift from Okawaru
 17452 | D:12     | Killed Frances
 17948 | D:13     | Noticed Nessos
 17957 | D:13     | Killed Nessos
 18017 | D:13     | Gained mutation: You are partially covered in thin metallic scales. (AC +2) [potion of mutation]
 18251 | D:13     | Found a gate to the Vaults.
 18353 | D:13     | Received a gift from Okawaru
 18363 | D:13     | Reached XP level 16. HP: 76/100 MP: 2/24
 18396 | D:13     | Got a dazzling buckler {god gift}
 18402 | D:13     | Identified the +2 buckler of Okawaru's Envy {+Fly MR+ Int+2 Slay-5} (Okawaru gifted it to you on level 13 of the Dungeon)
 19185 | D:14     | Found an ancient bone altar of Kikubaaqudgha.
 19699 | D:14     | Learned a level 3 spell: Inner Flame
 19814 | D:14     | Found a large runed door.
 19814 | D:14     | Found a large runed door.
 20152 | D:15     | Entered Level 15 of the Dungeon
 20156 | D:15     | Noticed Roxanne
 20181 | D:15     | Killed Roxanne
 20182 | D:15     | Identified Roxanne's Collected Works on Clay (You took it off Roxanne on level 15 of the Dungeon)
 20317 | D:15     | Received a gift from Okawaru
 20401 | D:15     | Found a staircase to the Depths.
 20418 | D:15     | Cast into level 3 of the Abyss (reaper)
 20422 | Abyss:3  | Found a corrupted altar of Lugonu.
 20489 | Abyss:3  | Found a corrupted altar of Lugonu.
 20581 | D:15     | Escaped the Abyss
 20887 | D:15     | Reached skill level 10 in Armour
 21492 | Spider:1 | Entered Level 1 of the Spider Nest
 21601 | Spider:1 | You are sucked into a shaft!
 22030 | Spider:1 | Reached XP level 17. HP: 81/111 MP: 9/27
 22100 | Spider:1 | Got a shimmering quick blade
 22102 | Spider:1 | Identified the +3 quick blade of Bekatyto {freeze, Dex+7} (You found it on level 1 of the Spider Nest)
 22234 | Spider:1 | Received a gift from Okawaru
 23126 | Spider:3 | Reached skill level 10 in Dodging
 23645 | Spider:3 | Got a twisted falchion
 23657 | Spider:3 | Identified the +6 falchion of the Absolute Madman {elec, *Noise +Blink +Fly rN+} (You found it on level 3 of the Spider Nest)
 23776 | Spider:3 | Received a gift from Okawaru
 24043 | Spider:4 | Entered Level 4 of the Spider Nest
 24076 | Spider:4 | Found a frozen archway.
 24112 | IceCv    | Entered an ice cave
 24604 | IceCv    | Noticed an Ice Fiend
 24747 | IceCv    | Demolished by an Ice Fiend

Skill      XL: |  1  2  3  4  5  6  7  8  9 10 11 12 13 14 15 16 17 |
---------------+----------------------------------------------------+-----
Short Blades   | 2 3 4 5 6 8 10 11 12 | 12.0
Hexes          | 3 4 5 6 8 9 10 | 10.3
Stealth        | 4 5 6 8 9 10 11 | 11.0
Fire Magic     | 3 4 5 |  5.0
Spellcasting   | 2 4 5 7 8 |  8.1
Armour         | 1 3 5 7 9 10 | 10.0
Conjurations   | 2 4 5 |  5.0
Dodging        | 4 5 7 9 10 | 10.0
Throwing       | 3 6 9 10 | 10.0
Translocations | 2 4 5 |  5.0
Evocations     | 4 5 6 8 |  8.4
Necromancy     | 2 5 |  5.0
Fighting       | 2 6 8 9 |  9.7

Action                   |  1- 3 |  4- 6 |  7- 9 | 10-12 | 13-15 | 16-18 || total
-------------------------+-------+-------+-------+-------+-------+-------++-------
Melee: Dagger            |    75 |    24 |     1 |    12 |       |       ||   112
       Short sword       |       |    38 |   172 |   429 |  1130 |   705 ||  2474
       Punch             |       |       |       |       |     1 |     7 ||     8
       Quick blade       |       |       |       |       |       |   423 ||   423
 Fire: Hunting sling     |       |     4 |    10 |     1 |       |       ||    15
       Fustibalus        |       |       |       |     1 |    18 |     8 ||    27
       Blowgun           |       |       |       |       |       |     6 ||     6
Throw: Stone             |    13 |       |       |       |       |       ||    13
       Tomahawk          |       |       |       |       |     3 |       ||     3
 Cast: Corona            |    10 |     3 |       |       |       |       ||    13
       Ensorcelled Hiber |     2 |    15 |    41 |   119 |   257 |   189 ||   623
       Confuse           |       |     2 |    15 |    37 |    36 |   116 ||   206
       Conjure Flame     |       |       |       |     4 |    32 |    10 ||    46
       Apportation       |       |       |       |     3 |       |     3 ||     6
       Sticky Flame      |       |       |       |     1 |    12 |     1 ||    14
       Invisibility      |       |       |       |     1 |    10 |    15 ||    26
       Sublimation of Bl |       |       |       |       |    25 |    22 ||    47
       Summon Butterflie |       |       |       |       |     4 |       ||     4
Invok: Heroism           |       |       |     3 |    10 |     7 |    16 ||    36
Evoke: Wand              |       |       |       |     8 |    13 |     1 ||    22
       Fan of gales      |       |       |       |       |     1 |       ||     1
  Use: Potion            |     1 |     3 |       |     3 |     3 |     6 ||    16
       Scroll            |       |     4 |     2 |    20 |    18 |     3 ||    47
 Stab: Sleeping          |     9 |    12 |    25 |    80 |   160 |   176 ||   462
       Confused          |       |     1 |     5 |    29 |    25 |    61 ||   121
       Distracted        |       |       |       |     1 |       |     3 ||     4
       Invisible         |       |       |       |       |    25 |    42 ||    67
       Paralysed         |       |       |       |       |     2 |       ||     2
       Held in net/web   |       |       |       |       |       |     1 ||     1
  Eat: Chunk             |     3 |     6 |    11 |    11 |    26 |    15 ||    72
       Royal jelly       |       |       |     1 |     3 |     3 |     3 ||    10
       Fruit             |       |       |       |     8 |    13 |     9 ||    30
Armor: Robe              |    15 |       |       |       |   256 |    32 ||   303
       Leather armour    |       |    16 |    24 |    21 |       |       ||    61
       Troll leather arm |       |       |       |    80 |    16 |   195 ||   291
Dodge: Dodged            |    28 |    34 |    90 |   268 |   833 |   824 ||  2077
Block: Other             |     2 |     8 |    14 |    31 |   123 |   106 ||   284
       Reflection        |       |       |       |       |     2 |     1 ||     3
